 Dungeon Crawl Stone Soup version 0.27-a0-1119-gbf574a6a6b (webtiles) character file.

Game seed: 3704141614585542174

3282 Zeld the Chucker (level 10, -5/71 HPs)
             Began as an Octopode Warper on May 2, 2021.
             Was a Believer of Okawaru.
             Shot with an arrow by a centaur (9 damage)
             ... on level 7 of the Dungeon.
             The game lasted 00:23:32 (10400 turns).

Zeld the Chucker (Octopode Warper)                 Turns: 10400, Time: 00:23:32

Health: -5/71      AC:  1    Str: 12    XL:     10   Next: 0%
Magic:  19/26      EV: 13    Int: 18    God:    Okawaru [**....]
Gold:   297        SH:  0    Dex: 11    Spells: 2/18 levels left

rFire    . . .     SeeInvis .   b - +0 hunting sling
rCold    . . .     Faith    .   (no shield)
rNeg     . . .     Spirit   .   (helmet restricted)
rPois    .         Reflect  .   d - amulet of regeneration
rElec    .         Harm     .   u - ring of resist corrosion
rCorr    +         Rampage  .   a - ring of magical power
Will     .....                  (no ring)
Stlth    ++........             (no ring)
HPRegen  1.21/turn              (no ring)
MPRegen  0.20/turn              (no ring)
                                (no ring)
                                (no ring)

@: no status effects
A: almost no armour, amphibious, 8 rings, camouflage 1, gelatinous body 1,
(nimble swimmer 1), tentacles
a: Renounce Religion, Heroism


You were on level 7 of the Dungeon.
You worshipped Okawaru.
Okawaru was pleased with you.
You visited 2 branches of the dungeon, and saw 8 of its levels.

You collected 297 gold pieces.

Inventory:

Hand Weapons
 b - a +0 hunting sling (weapon)
 B - a +3 flail
Missiles
 c - 20 poisoned darts
 q - 121 stones (quivered ammo)
 s - 5 silver javelins
Jewellery
 a - a ring of magical power (right tentacle)
 d - an amulet of regeneration (around mantle)
 u - a ring of resist corrosion (left tentacle)
Wands
 r - a wand of acid (3)
 w - a wand of mindburst (19)
Scrolls
 e - 4 scrolls of magic mapping {unknown}
 f - a scroll of blinking
 h - 2 scrolls of enchant weapon {unknown}
 i - 4 scrolls of identify {unknown}
 k - 2 scrolls of brand weapon {unknown}
 l - a scroll of immolation {unknown}
 o - 2 scrolls of teleportation {unknown}
 p - a scroll of noise {unknown}
 x - a scroll of fear {unknown}
 y - a scroll of amnesia {unknown}
 z - a scroll of fog {unknown}
 A - a scroll of silence {unknown}
 C - a scroll of holy word {unknown}
Potions
 g - 2 potions of lignification {unknown}
 j - 2 potions of heal wounds {unknown}
 m - a potion of curing {unknown}
 n - a potion of berserk rage {unknown}
 v - a potion of brilliance {unknown}


   Skills:
 * Level 7.0 Fighting
 + Level 3.7(6.1) Slings
 - Level 7.7(8.1) Throwing
 - Level 2.3 Dodging
 - Level 2.0 Unarmed Combat
 + Level 4.7 Spellcasting
 * Level 7.4 Translocations


You had 2 spell levels left.
You knew the following spells:

 Your Spells              Type           Power      Damage    Failure   Level
a - Blink                 Tloc           N/A        N/A       1%          2
b - Gell's Gravitas       Tloc           15%        N/A       1%          3
c - Lesser Beckoning      Tloc           15%        N/A       1%          3
d - Teleport Other        Tloc           31%        N/A       1%          3
e - Manifold Assault      Tloc           31%        N/A       19%         5

Your spell library contained the following spells:

 Spells                   Type           Power      Damage    Failure   Level
 Apportation              Tloc           62%        N/A       1%          1
 Animate Skeleton         Necr           8%         N/A       14%         1
 Corona                   Hex            4%         N/A       14%         1
 Sting                    Tmut/Pois      16%        1d3       14%         1
 Summon Small Mammal      Summ           16%        N/A       14%         1
 Poisonous Vapours        Pois/Air       8%         N/A       21%         2
 Ignite Poison            Fire/Tmut/Pois 4%         N/A       38%         3
 Mephitic Cloud           Conj/Pois/Air  4%         N/A       38%         3
 Olgreb's Toxic Radiance  Pois           4%         N/A       80%         4


Dungeon Overview and Level Annotations

Branches:
Dungeon (7/15)             Temple (1/1) D:5

Altars:
Ashenzari
Dithmenos
Elyvilon
Fedhas
Hepliaklqana
Kikubaaqudgha
Makhleb
Okawaru
Ru
Sif Muna
Trog
Wu Jian
Xom
Yredelemnul
Zin
The Shining One
Beogh

Annotations:
D:5 1 runed translucent door, Mels's ghost, novice GrFi
D:6 3 runed translucent doors, voltaire321's ghost, novice MfGl


Innate Abilities, Weirdness & Mutations

You cannot wear most types of armour.
You are amphibious.
You can wear up to eight rings at the same time.
Your skin changes colour to match your surroundings (Stealth+).
Your rubbery body absorbs attacks. (AC +1, EV +1)
((You are camouflaged near water. (Stealth+)))
You have tentacles for arms and can constrict up to eight enemies at once.


Message History

Casting: Blink (safe; 1% risk of failure)
Confirm with . or Enter, or press ? or * to list all spells.
You blink.
Casting: Blink (safe; 1% risk of failure)
Confirm with . or Enter, or press ? or * to list all spells.
You blink.
You are too injured to fight recklessly!
You are too injured to fight recklessly!
You are too injured to fight recklessly!
You are too injured to fight recklessly!
Casting: Blink (safe; 1% risk of failure)
Confirm with . or Enter, or press ? or * to list all spells.
You blink.
The orc warrior barely misses you.
Casting: Blink (safe; 1% risk of failure)
Confirm with . or Enter, or press ? or * to list all spells.
You blink.
Fire: 123 stones
Press: ? - help, Q - select action, (/) - cycle Shift-Dir - straight line, f/p - orc warrior
Aim: an orc warrior, wielding a +0 glaive and wearing a +0 plate armour (almost dead, 63% to hit)
You shoot a stone.
The stone barely misses the orc warrior.
Fire: 122 stones
Press: ? - help, Q - select action, (/) - cycle Shift-Dir - straight line, f/p - orc warrior
Aim: an orc warrior, wielding a +0 glaive and wearing a +0 plate armour (almost dead, 63% to hit)
You shoot a stone. The stone hits the orc warrior.
The orc warrior is almost dead.
The centaur wields a +0 shortbow.
The centaur shoots an arrow.
The arrow barely misses you.
The orc warrior hits you from afar with a +0 glaive!!
* * * LOW HITPOINT WARNING * * *
The centaur shoots an arrow.
The arrow closely misses you.
There's nothing to close nearby.
Okay, then.
The centaur shoots an arrow.
The arrow hits you!
* * * LOW HITPOINT WARNING * * *
The centaur shoots an arrow.
The arrow hits you!
* * * LOW HITPOINT WARNING * * *
You see here a stone.
The centaur shoots an arrow.
The arrow hits you!
You die...

####### #.....#
#.....#####
#.....c((.#
#.....###.# #
#..o..# #.# .#
####c#####(#####.#.
#......(.(........
#(######@#(#####.# #
#(((((((>(((####.#.#
#(######.#.(.......#
#(# #(..((.(..(# #(#
#..##.###### #(#
#..##.# #(# #.###.#
#)# #. #.# #.# #.
#.#


You could see a centaur.

Vanquished Creatures
  2 two-headed ogres (D:6)
  Sigmund (D:2)
  2 water moccasins
  An ice beast (D:7)
  2 black bears
  A sky beast (D:6)
  3 ogres
  A bullfrog (D:6)
  A gnoll sergeant (D:5)
  A scorpion (D:6)
  2 water moccasin zombies (D:5)
  4 crimson imps (D:6)
  3 hounds
  A jelly (D:5)
  A bullfrog skeleton (D:6)
  3 orc priests
  2 centaur skeletons (D:6)
  A gnoll shaman (D:6)
  2 iguanas (D:4)
  An orc wizard (D:6)
  2 killer bee zombies
  A hound skeleton (D:4)
  8 gnolls (D:5)
  2 adders
  2 worms
  3 dart slugs (D:1)
  12 orcs
  7 ball pythons
  7 bats
  3 endoplasms
  8 giant cockroaches
  6 goblins
  5 hobgoblins
  7 jackals
  5 kobolds
  3 quokkas
  2 frilled lizards
  8 rats
126 creatures vanquished.

Vanquished Creatures (others)
  2 withered plants (D:5)
2 creatures vanquished.

Grand Total: 128 creatures vanquished

Notes
Turn   | Place    | Note
-------+----------+-------------------------------------------
     0 | D:1      | Zeld the Octopode Warper began the quest for the Orb.
     0 | D:1      | Reached XP level 1. HP: 14/14 MP: 3/3
   150 | D:1      | Reached XP level 2. HP: 4/19 MP: 5/5
   404 | D:1      | Learned a level 2 spell: Blink
   647 | D:1      | Reached XP level 3. HP: 20/25 MP: 6/6
  1000 | D:1      | Learned a level 3 spell: Gell's Gravitas
  1878 | D:2      | Reached XP level 4. HP: 30/30 MP: 7/7
  2167 | D:2      | Noticed Sigmund
  2232 | D:2      | Killed Sigmund
  2233 | D:2      | Reached XP level 5. HP: 31/37 MP: 5/9
  2266 | D:2      | Learned a level 3 spell: Lesser Beckoning
  2601 | D:3      | Found a shimmering blue altar of Sif Muna.
  2748 | D:3      | Reached XP level 6. HP: 43/43 MP: 10/10
  4368 | D:5      | Entered Level 5 of the Dungeon
  4460 | D:5      | Reached XP level 7. HP: 47/47 MP: 3/11
  4466 | D:5      | Reached skill level 5 in Throwing
  4595 | D:5      | Found a staircase to the Ecumenical Temple.
  4952 | D:5      | Found a runed translucent door.
  4952 | D:5      | Noticed Mels's ghost (novice GrFi)
  5566 | D:5      | Identified the +2 leather armour of Amorality {rPois Dex+2}
  6039 | Temple   | Entered the Ecumenical Temple
  6146 | Temple   | Became a worshipper of Warmaster Okawaru
  6270 | D:5      | Learned a level 3 spell: Teleport Other
  6554 | D:5      | Reached XP level 8. HP: 49/54 MP: 8/12
  6764 | D:5      | Reached skill level 1 in Slings
  7015 | D:6      | Noticed a two-headed ogre
  7025 | D:6      | Found a blossoming altar of Fedhas.
  7041 | D:6      | Killed a two-headed ogre
  7041 | D:6      | Reached * piety under Okawaru
  7042 | D:6      | Reached skill level 5 in Fighting
  7042 | D:6      | Reached skill level 5 in Translocations
  7072 | D:6      | Reached XP level 9. HP: 57/61 MP: 4/14
  7374 | D:6      | Noticed a two-headed ogre
  7396 | D:6      | Killed a two-headed ogre
  7396 | D:6      | Reached ** piety under Okawaru
  8551 | D:6      | Found a runed translucent gate.
  8552 | D:6      | Found a runed translucent gate.
  8553 | D:6      | Found a runed translucent gate.
  8560 | D:6      | Noticed voltaire321's ghost (novice MfGl)
  8882 | D:6      | Found a shimmering altar of Xom.
  9889 | D:7      | Learned a level 5 spell: Manifold Assault
 10123 | D:7      | Found a bloodstained altar of Trog.
 10312 | D:7      | Reached XP level 10. HP: 66/71 MP: 16/17
 10362 | D:7      | Paralysed by an orc warrior for 5 turns
 10379 | D:7      | Paralysed by an orc warrior for 5 turns
 10399 | D:7      | HP: 3/71 [centaur/arrow (7)]
 10400 | D:7      | Shot with an arrow by a centaur

Illustrated notes

Levels and vault maps discovered:
D:1:      dpeg_arrival_round_a, layout_basic, st_stairs_11,
          grunt_decor_fettered, minmay_misc_feat_enclosed,
          grunt_decor_one_mirror
D:2:      layout_rooms, kennysheep_generic_room_9, uniq_sigmund
D:3:      layout_basic, amcnicky_altar_gilded, st_stairs_8, minmay_cupped
D:4:      layout_loops_ring
D:5:      layout_loops_ring, minmay_temple_entry_mini_moons,
          gammafunk_ghost_grave
D:6:      layout_layer_cave, led_xom_imps, fedhas_altar_1,
          biasface_ghost_orc_armoury, kennysheep_generic_room_4
D:7:      layout_loops_ring, kennysheep_little_box
Temple:   minmay_temple_bridge_abc

Skill      XL: |  1  2  3  4  5  6  7  8  9 |
---------------+----------------------------+-----
Fighting       | 3 4 5 7 |  7.0
Throwing       | 2 4 6 7 |  7.7
Translocations | 4 5 7 |  7.4
Spellcasting   | 3 4 |  4.7
Slings         | 2 3 |  3.7
Dodging        | |  2.3
Unarmed Combat | |  2.0

Action                   |  1- 3 |  4- 6 |  7- 9 | 10-12 || total
-------------------------+-------+-------+-------+-------++-------
Melee: Unarmed           |    91 |   120 |     6 |       ||   217
       Constrict         |    24 |    28 |     2 |       ||    54
       Tentacles         |    18 |    20 |     4 |       ||    42
       Punch             |       |     1 |       |       ||     1
       Hunting sling     |       |       |    14 |       ||    14
 Fire: Hunting sling     |       |       |   443 |    14 ||   457
Throw: Stone             |     5 |    87 |    32 |       ||   124
       Javelin           |       |     9 |     1 |       ||    10
       Boomerang         |       |     5 |       |       ||     5
       Dart              |       |     6 |    33 |       ||    39
 Cast: Blink             |     6 |    40 |   110 |     6 ||   162
       Gell's Gravitas   |       |     3 |     2 |       ||     5
       Teleport Other    |       |       |     3 |       ||     3
Invok: Heroism           |       |       |     4 |       ||     4
Evoke: Wand              |       |       |     2 |       ||     2
 Stab: Sleeping          |     5 |     6 |       |       ||    11
Armor: Skin              |     5 |    14 |    13 |       ||    32
Dodge: Dodged            |    67 |    98 |   132 |     8 ||   305

Table legend: (Time is in decaauts)
 A = Elapsed time spent in this place.
 B = Non-inter-level travel time spent in this place.
 C = Inter-level travel time spent in this place.
 D = Time resting spent in this place.
 E = Time spent auto-exploring this place.
 F = Levels seen in this place.
 G = Mean time per level.
                   A        B        C        D        E       F      G
               +--------+--------+--------+--------+--------+-----+--------+
         Total |  10350 |   9600 |    750 |    788 |   6988 |   8 | 1293.8 |
       Dungeon |  10206 |   9479 |    727 |    788 |   6885 |   7 | 1458.0 |
        Temple |    144 |    121 |     23 |      0 |    103 |   1 |  144.0 |
               +--------+--------+--------+--------+--------+-----+--------+

Top non-repeatable levels by time:
     D:6: 2691 daAuts
     D:1: 2041 daAuts
     D:5: 1912 daAuts
     D:4: 1139 daAuts
     D:3: 1054 daAuts
     D:2: 744 daAuts
     D:7: 623 daAuts
  Temple: 144 daAuts
